 Dungeon Crawl Stone Soup version 0.25-a0-460-g4f2eb97ec1 (webtiles) character file.

Game seed: 12503590478334744787, levelgen mode: deterministic

4623 Nattfarinn the Covert (level 10, -1/53 HPs)
             Began as a Vine Stalker Assassin on Feb 3, 2020.
             Slain by a killer bee (5 damage)
             ... on level 8 of the Dungeon.
             The game lasted 00:20:52 (6987 turns).

Nattfarinn the Covert (Vine Stalker Assassin)       Turns: 6987, Time: 00:20:53

Health: -1/53      AC:  9    Str: 15    XL:     10   Next: 42%
Magic:  0/11       EV: 13    Int: 11    God:
Gold:   489        SH:  4    Dex: 18    Spells: 9/9 levels left

rFire    x . .     SeeInvis .   F - +5 dagger (freeze)
rCold    + . .     Gourm    .   g - +0 buckler
rNeg     . . .     Faith    .   b - +0 robe
rPois    .         Spirit   +   (no helmet)
rElec    .         Reflect  .   c - +2 cloak
rCorr    .         Harm     .   (no gloves)
MR       +....                  w - +2 pair of boots
Stlth    ++++......             (no amulet)
HPRegen  0.57/turn              r - ring of ice
MPRegen  0.12/turn              (no ring)

@: very slightly contaminated
A: fangs 3, regeneration 1, magic shield, antimagic bite, no potion heal 3, rot
immunity
a: no special abilities


You were on level 8 of the Dungeon.
You were not hungry.

You visited 1 branch of the dungeon, and saw 8 of its levels.

You collected 489 gold pieces.

Inventory:

Hand Weapons
 a - a +2 dagger
 F - a +5 dagger of freezing (weapon)
Missiles
 d - 52 poisoned darts (quivered)
 e - a curare-tipped dart
Armour
 b - a +0 robe (worn)
 c - a +2 cloak (worn)
 g - a +0 buckler (worn)
 w - a +2 pair of boots (worn)
Jewellery
 r - a ring of ice (left hand)
 G - a cursed amulet of guardian spirit {unknown}
Wands
 v - a wand of disintegration (13)
 H - a wand of acid (11)
Scrolls
 h - 2 scrolls of amnesia
 n - 2 scrolls of enchant armour
 q - 4 scrolls of identify
 t - 2 scrolls of remove curse
 y - 2 scrolls of teleportation
 A - a scroll of blinking
 D - a scroll of immolation
 E - a scroll of summoning
Potions
 i - 2 potions of lignification
 j - 4 potions of agility
 k - 2 potions of heal wounds
 m - 2 potions of mutation {unknown}
 o - 3 potions of degeneration
 p - a potion of magic {unknown}
 s - a potion of experience {unknown}
 u - 3 potions of cancellation {unknown}
 x - 3 potions of haste {unknown}
 z - 4 potions of curing
Comestibles
 f - 24 rations
 l - 9 chunks of flesh


   Skills:
 + Level 6.0 Fighting
 * Level 8.4 Short Blades
 - Level 1.7 Throwing
 * Level 5.9 Armour
 - Level 3.0 Dodging
 + Level 9.4 Stealth


You had 9 spell levels left.
You didn't know any spells.
Your spell library contained the following spells:

 Spells                   Type           Power        Failure   Level  Hunger
 Corona                   Hex            #......      52%         1    ##.....
 Sting                    Tmut/Pois      #...         52%         1    ##.....
 Ensorcelled Hibernation  Hex/Ice        #.....       65%         2    ###....
 Poisonous Vapours        Pois/Air       #.....       65%         2    ###....
 Confusing Touch          Hex            #.......     87%         3    ####...
 Dazzling Flash           Conj/Hex       #.....       87%         3    ####...
 Ignite Poison            Fire/Tmut/Pois #.......     87%         3    ####...
 Mephitic Cloud           Conj/Pois/Air  #.......     87%         3    ####...
 Tukima's Dance           Hex            #.......     87%         3    ####...
 Olgreb's Toxic Radiance  Pois           #.......     99%         4    #####..


Dungeon Overview and Level Annotations

Branches:
Dungeon (8/15)             Temple (0/1) D:7
   Lair: D:8-11

Altars:
Sif Muna
Xom
Yredelemnul
The Shining One

Shops:
D:4 [=   D:6 }


Innate Abilities, Weirdness & Mutations

You have razor-sharp teeth.
Your natural rate of healing is unusually fast.
When hurt, damage is shared between your health and your magic reserves.
Your bite disrupts and absorbs the magic of your enemies.
Potions cannot restore your health.
You are immune to rotting.


Message History

You assume a fearsome visage.
The two-headed ogre looks frightened!
The adder looks frightened!
The killer bee looks frightened! x5
Cornered, the killer bee turns to fight!
The killer bee stings you but does no damage.
The killer bee stings you.
* * * LOW HITPOINT WARNING * * *
The killer bee stings you but does no damage.
The killer bee stings you.
* * * LOW HITPOINT WARNING * * *
You are poisoned.
The killer bee poisons you!
You hit the killer bee. You freeze the killer bee.
Your bite misses the killer bee.
The killer bee is moderately wounded.
You feel sick. You block the killer bee's attack. The killer bee stings you.
* * * LOW HITPOINT WARNING * * *
You are lethally poisoned!
The killer bee poisons you!
Your system rejects the healing.
You feel better. The killer bee stings you.
You die...

#...###..## .. ###.y##
#............##..#####S.###
#.÷....# #..........#.O..#.
##......###......#...y..y..#
##.........#.....##....y.#.††
#...............###...#..##..
###).###........##...##.....#
#............####..##......#
##.........@y.............÷#
##.....................###.÷
#......#..##.....###..###...
##...<.##....##.####..##...#
#......#.....####....##..##
#.....###...####...###...#.
####### ##..# #......##....
#### ##.....##....
##..#.......


You could see a killer bee.

Vanquished Creatures
  2 slime creatures
  2 hogs (D:7)
  A human (D:7)
  2 yaks (D:7)
  5 orc warriors
  2 ice beasts
  A necrophage (D:4)
  2 phantoms
  A sky beast (D:5)
  A black bear (D:8)
  2 ogres
  3 centaurs
  4 big kobolds (D:5)
  3 bullfrogs
  A wyvern skeleton (D:8)
  2 scorpions
  A killer bee (D:8)
  A howler monkey (D:7)
  A bullfrog zombie (D:6)
  3 crimson imps
  A centaur zombie (D:6)
  8 jellies
  5 hounds
  An orc priest (D:7)
  2 bullfrog skeletons
  2 iguanas
  2 orc wizards
  7 worker ants
  A hound zombie (D:6)
  4 hound skeletons
  7 gnolls
  A howler monkey skeleton (D:8)
  18 adders
  2 shadow imps (D:5)
  2 oozes (D:5)
  An adder zombie (D:3)
  2 adder skeletons
  A worm (D:2)
  3 dart slugs
  7 leopard geckos
  23 orcs
  9 giant cockroaches
  10 goblins
  5 hobgoblins
  10 jackals
  18 kobolds
  6 quokkas
  A ball python (D:2)
  A ball python zombie (D:5)
  8 bats
  4 frilled lizards
  A leopard gecko zombie (D:6)
  A quokka zombie (D:5)
  7 rats
221 creatures vanquished.

Vanquished Creatures (others)
  A hound (D:5)
  2 fungi (D:5)
  11 toadstools (D:5)
14 creatures vanquished.

Grand Total: 235 creatures vanquished

Notes
Turn   | Place    | Note
-------+----------+-------------------------------------------
     0 | D:1      | Nattfarinn the Vine Stalker Assassin began the quest for
                  | the Orb.
     0 | D:1      | Reached XP level 1. HP: 11/11 MP: 2/2
   184 | D:1      | Reached skill level 1 in Dodging
   184 | D:1      | Reached XP level 2. HP: 15/15 MP: 3/3
   195 | D:1      | Reached skill level 5 in Stealth
   515 | D:1      | Reached XP level 3. HP: 18/18 MP: 4/4
  1215 | D:2      | Gained mutation: Your natural rate of healing is unusually
                  | fast. [Vine Stalker growth]
  1215 | D:2      | Reached XP level 4. HP: 21/23 MP: 3/5
  1454 | D:2      | Reached XP level 5. HP: 5/27 MP: 1/6
  2257 | D:3      | Found a basalt altar of Yredelemnul.
  2259 | D:3      | Noticed a profane servitor
  2440 | D:3      | Found a glowing golden altar of the Shining One.
  2442 | D:3      | Noticed an angel
  2551 | D:3      | Reached XP level 6. HP: 27/32 MP: 5/7
  2630 | D:3      | Reached skill level 6 in Stealth
  2800 | D:4      | Noticed a necrophage
  2819 | D:4      | Killed a necrophage
  2872 | D:4      | Reached XP level 7. HP: 36/36 MP: 8/8
  3048 | D:4      | Found Pyess's Armour Shop.
  3313 | D:4      | Found a shimmering altar of Xom.
  3351 | D:4      | Reached skill level 5 in Short Blades
  3376 | D:4      | Found Secuis's Jewellery Shoppe.
  3481 | D:5      | Entered Level 5 of the Dungeon
  3503 | D:5      | Reached skill level 1 in Armour
  3503 | D:5      | Reached skill level 7 in Stealth
  3503 | D:5      | Gained mutation: You have razor-sharp teeth. [Vine Stalker
                  | growth]
  3503 | D:5      | Reached XP level 8. HP: 34/42 MP: 7/9
  4150 | D:5      | Noticed a slime creature
  4152 | D:5      | Noticed a slime creature
  4340 | D:4      | Killed a slime creature
  4340 | D:4      | Reached XP level 9. HP: 14/46 MP: 6/10
  4498 | D:5      | Reached skill level 8 in Stealth
  4717 | D:5      | Reached skill level 5 in Fighting
  5140 | D:6      | Found Timas's Gadget Shoppe.
  5326 | D:7      | Found a staircase to the Ecumenical Temple.
  5953 | D:7      | Reached skill level 5 in Armour
  5965 | D:7      | Reached XP level 10. HP: 37/53 MP: 8/11
  5978 | D:7      | Reached skill level 9 in Stealth
  6337 | D:7      | Found a shimmering blue altar of Sif Muna.
  6966 | D:8      | Noticed a two-headed ogre
  6987 | D:8      | Slain by a killer bee

Levels and vault maps discovered:
D:1:      tarquinn_simple_flora_water_c, layout_basic
D:2:      layout_loops_corners, amethyst_killhole, kennysheep_nub, minivault_25,
          minmay_diced_spiral
D:3:      layout_basic, grunt_temple_overflow_holy_war, first_ration
D:4:      layout_loops_ring, lemuel_crystal_altar, serial_shops, shop, shop,
          minmay_liquid_box, minmay_distorted
D:5:      cheibrodos_fertilizer, layout_gridville
D:6:      layout_rooms, serial_shops, shop, serial_park_tiny_2
D:7:      cheibrodos_two_vegetables, layout_basic, kennysheep_mini,
          minmay_temple_entry_nine_rooms, grunt_livestock, kennysheep_doodads,
          minmay_tree_intersection
D:8:      layout_cave_pools, minmay_chambers_of_fives

Skill      XL: |  1  2  3  4  5  6  7  8  9 10 |
---------------+-------------------------------+-----
Short Blades   | 2 3 4 5 6 7 8 |  8.4
Dodging        | 1 2 3 |  3.0
Fighting       | 2 3 4 5 6 |  6.0
Stealth        | 5 6 7 8 9 |  9.4
Armour         | 1 3 5 |  5.9
Throwing       | |  1.7

Action                   |  1- 3 |  4- 6 |  7- 9 | 10-12 || total
-------------------------+-------+-------+-------+-------++-------
Melee: Dagger            |    81 |   234 |   430 |   131 ||   876
       Bite              |    23 |    62 |   150 |    50 ||   285
Throw: Dart              |       |       |    19 |    17 ||    36
  Use: Scroll            |       |     4 |    15 |     3 ||    22
       Potion            |       |       |       |     1 ||     1
 Stab: Sleeping          |     9 |    13 |    24 |     2 ||    48
       Distracted        |       |     1 |     1 |       ||     2
       Invisible         |       |       |     5 |     2 ||     7
  Eat: Chunk             |     1 |     6 |    10 |     3 ||    20
Armor: Robe              |    22 |    50 |    53 |    32 ||   157
Dodge: Dodged            |    39 |   110 |   155 |    70 ||   374
Block: Buckler           |       |    25 |    62 |    25 ||   112

Table legend:
 A = Non-vault XP
 B = Vault XP
 C = Vault XP percentage of total XP
 D = Non-vault monster count
 E = Vault monster count
 F = Vault count percentage of total count
                 A         B        C        D         E       F
            +---------+---------+-------+---------+---------+-------
      Total |    4027 |    2578 |  39.0 |     182 |      40 |  18.0
            +---------+---------+-------+---------+---------+-------
        D:1 |      44 |       0 |   0.0 |      26 |       0 |   0.0
        D:2 |     174 |      22 |  11.2 |      30 |       7 |  18.9
        D:3 |     138 |       0 |   0.0 |      26 |       0 |   0.0
        D:4 |     482 |     531 |  52.4 |      12 |       6 |  33.3
        D:5 |     804 |     882 |  52.3 |      29 |      16 |  35.6
        D:6 |     640 |       0 |   0.0 |      17 |       0 |   0.0
        D:7 |    1033 |    1117 |  52.0 |      25 |       8 |  24.2
        D:8 |     712 |      26 |   3.5 |      17 |       3 |  15.0
            +---------+---------+-------+---------+---------+-------
